 Dungeon Crawl Stone Soup version 0.29.1-15-g9cfb28693d (webtiles) character file.

Game seed: 4120883145801311666

95177 croobank the Brawler (level 15, -3/231 HPs)
             Began as a Troll Fighter on Apr 22, 2023.
             Was an Elder of Wu Jian.
             Slain by a redback (11 damage)
             ... on level 2 of the Lair of Beasts.
             The game lasted 01:26:12 (23644 turns).

croobank the Brawler (Troll Fighter)               Turns: 23644, Time: 01:26:13

Health: -3/231     AC: 14    Str: 34    XL:     15   Next: 65%
Magic:  14/14      EV: 11    Int: 10    God:    Wu Jian [****..]
Gold:   1383       SH: 13    Dex:  9    Spells: 14/14 levels left

rFire   + . .      SeeInvis +     - Unarmed
rCold   . . .      Faith    .   b - +2 kite shield {AC+3}
rNeg    . . .      Spirit   .   D - +3 troll leather armour
rPois   .          Reflect  .   (helmet restricted)
rElec   .          Harm     .   t - +1 cloak
rCorr   .          Rampage  .   (gloves unavailable)
Will    ++...                   (boots unavailable)
Stlth   ..........              (no amulet)
HPRegen 2.08/turn               U - ring of see invisible
MPRegen 0.14/turn               f - ring of Cohy {rF+ Will+ Str+6}

@: berserking (expiring), lethally poisoned (-3 -> -6), very quick
A: large, unfitting armour, claws 3, regeneration 1, shaggy fur 1, tough skin 1
a: Renounce Religion, Wall Jump, Serpent's Lash


You were on level 2 of the Lair of Beasts.
You worshipped Wu Jian.
Wu Jian was greatly pleased with you.
You visited 6 branches of the dungeon, and saw 25 of its levels.

You collected 2155 gold pieces.
You spent 772 gold pieces at shops.

Inventory:

Hand Weapons
 r - a +2 dagger of speed
 R - a +3 scimitar of flaming
Missiles
 d - 3 javelins
 o - 10 silver javelins
 K - 18 boomerangs
 P - 6 large rocks (quivered)
 Q - 5 curare-tipped darts
 S - 37 poisoned darts
Armour
 b - a +2 kite shield of protection (worn)
 t - a +1 cloak (worn)
 D - a +3 troll leather armour (worn)
 E - a +0 tower shield
 I - +2 acid dragon scales
 J - a +1 robe of cold resistance
 O - the +1 robe "Ytit" {Will++ Str+3 Dex-5}
   (You found it on level 10 of the Dungeon)

   Str:       It affects your strength (+3).
   Dex:       It affects your dexterity (-5).
   Will:      It greatly increases your willpower.
Magical Staves
 a - a staff of cold
 W - a staff of earth
Jewellery
 e - a +4 ring of evasion
 f - the ring of Cohy (right claw) {rF+ Will+ Str+6}
   (You found it on level 4 of the Lair of Beasts)

   [ring of strength]

   Str:       It affects your strength (+6).
   rF:        It protects you from fire.
   Will:      It increases your willpower.
 m - a ring of resist corrosion
 s - a ring of wizardry
 v - a +6 ring of intelligence
 x - a +4 ring of protection
 y - a +6 ring of dexterity
 B - a +4 ring of evasion
 F - a ring of ice
 U - a ring of see invisible (left claw)
 V - a ring of protection from cold
Wands
 j - a wand of polymorph (25)
 n - a wand of mindburst (6)
 w - a wand of charming (11)
 H - a wand of flame (4)
 X - a wand of iceblast (13)
Scrolls
 g - 6 scrolls of teleportation
 G - 3 scrolls of amnesia
 L - 15 scrolls of identify
 N - 2 scrolls of vulnerability
Potions
 c - a potion of berserk rage
 h - 3 potions of haste
 k - 3 potions of mutation
 l - 4 potions of attraction
 p - 5 potions of ambrosia
 q - 3 potions of cancellation
 u - 2 potions of flight
 z - 6 potions of lignification
 A - 7 potions of curing
 M - a potion of heal wounds
 Y - 2 potions of invisibility
 Z - a potion of might
Miscellaneous
 C - a phial of floods
 T - a phantom mirror


   Skills:
 + Level 11.6 Fighting
 - Level 9.9 Dodging
 + Level 12.6 Shields
 * Level 18.5 Unarmed Combat


You had 14 spell levels left.
You didn't know any spells.
Your spell library contained the following spells:

 Spells                   Type           Power      Damage    Failure   Level
 Foxfire                  Conj/Fire      0%         2x1d4     56%         1
 Magic Dart               Conj           0%         1d3       56%         1
 Shock                    Conj/Air       0%         1d3       56%         1
 Summon Small Mammal      Summ           0%         N/A       56%         1
 Blink                    Tloc           0%         N/A       71%         2
 Call Imp                 Summ           0%         N/A       71%         2
 Scorch                   Fire           0%         2d5       71%         2
 Call Canine Familiar     Summ           0%         N/A       91%         3
 Inner Flame              Hex/Fire       0%         N/A       91%         3
 Lesser Beckoning         Tloc           0%         N/A       91%         3
 Mephitic Cloud           Conj/Pois/Air  0%         N/A       91%         3
 Stone Arrow              Conj/Erth      0%         3d7       91%         3
 Summon Guardian Golem    Hex/Summ       0%         N/A       91%         3
 Swiftness                Air            0%         N/A       91%         3
 Tukima's Dance           Hex            0%         N/A       91%         3
 Airstrike                Air            0%         2d(0-16)  100%        4
 Animate Armour           Summ/Erth      0%         N/A       100%        4
 Cause Fear               Hex            0%         N/A       100%        4
 Corpse Rot               Necr/Pois/Air  0%         N/A       100%        4
 Dispel Undead            Necr           0%         3d6       100%        4
 Flame Wave               Conj/Fire      0%         2d4       100%        4
 Passage of Golubria      Tloc           0%         N/A       100%        4
 Summon Ice Beast         Ice/Summ       0%         N/A       100%        4
 Manifold Assault         Tloc           0%         N/A       100%        5
 Summon Mana Viper        Hex/Summ       0%         N/A       100%        5
 Yara's Violent Unravell  Hex/Tmut       0%         3d3       100%        5
 Conjure Ball Lightning   Conj/Air       0%         3x3d6     100%        6
 Death Channel            Necr           0%         N/A       100%        6
 Summon Cactus Giant      Summ           0%         N/A       100%        6
 Monstrous Menagerie      Summ           0%         N/A       100%        7
 Discord                  Hex            0%         N/A       100%        8
 Disjunction              Tloc           0%         N/A       100%        8
 Lehudib's Crystal Spear  Conj/Erth      0%         10d2      100%        8


Dungeon Overview and Level Annotations

Branches:
Dungeon (15/15)            Temple (1/1) D:4            Lair (5/5) D:8
  Swamp (0/4) Lair:2       Spider (1/4) Lair:2        Slime (0/5) Lair:5
    Orc (2/2) D:11            Elf (1/3) Orc:2        Vaults (0/5) D:14
 Depths (0/4) D:15

Altars:
Ashenzari
Cheibriados
Dithmenos
Elyvilon
Fedhas
Gozag
Hepliaklqana
Kikubaaqudgha
Makhleb
Nemelex Xobeh
Okawaru
Qazlal
Ru
Sif Muna
Trog
Uskayaw
Vehumet
Wu Jian
Xom
Yredelemnul
Zin
The Shining One
Jiyva

Shops:
Orc:1 *   Orc:2 [(*:

Annotations:
D:2 Terence
D:8 1 runed translucent door, SpyderV's ghost, novice HOFi


Innate Abilities, Weirdness & Mutations

You are too large for most types of armour.
You have claws for hands.
Your natural rate of healing is unusually fast.
You are covered in fur. (AC +1)
You have tough skin. (AC +1)


Message History

* * * LOW HITPOINT WARNING * * *
You eviscerate the boulder beetle!!!
You kill the boulder beetle!
The Council accepts your kill.
You feel very sick.
The redback bites you but does no damage.
The redback bites you.
* * * LOW HITPOINT WARNING * * *
The redback bites you.
* * * LOW HITPOINT WARNING * * *
You claw the redback!
The redback is heavily wounded.
You feel very sick.
The redback bites you but does no damage.
You block the redback's attack. The redback bites you.
* * * LOW HITPOINT WARNING * * *
You spin and attack the redback.
You scratch the redback.
The redback is moderately wounded.
You feel very sick. You block the redback's attack.
Things that are here:
a boulder beetle corpse; a jumping spider corpse The redback attacks as you move away!
The redback bites you but does no damage.
The redback attacks as you move away! The redback bites you!
* * * LOW HITPOINT WARNING * * *
You feel very sick.
You are too berserk!
You spin and attack the redback repeatedly.
You mangle the redback!!
The redback is almost dead.
You closely miss the redback.
The redback is almost dead.
You feel very sick. You block the redback's attack.
The redback attacks as you move away! You block the redback's attack.
You feel a strong urge to attack something.
You feel very sick. The redback attacks as you move away!
The redback bites you!
You die...

#.........................
#.........................
#.........................
##...........^^...........
#.........^...^..........
###.....^..^^.^....P.####
#P#P#^........^^.###
#####...^†^^^^^...####
###..^@ss^>^.^^......##
###.....^s^†..^†........#
#...........^^^.^........
##.......^.^..^...........
#.........^^..^.^.........
##..........^.^...........
#...........#...<........
##........PP####........##
#.#......#### ###....P###


You could see 3 redbacks.

Vanquished Creatures
  Rupert (Lair:4)
  3 orc warlords
  2 dire elephants
  A fire dragon (D:14)
  3 boulder beetles
  A rakshasa (D:14)
  7 hydras
  A vault guard (D:14)
  Fannar (D:12)
  A catoblepas (Lair:5)
  Erolcha (Orc:1)
  7 centaur warriors
  6 two-headed ogres
  A deep troll shaman (Lair:5)
  A dancing weapon (Elf:1)
  An orc high priest (Orc:2)
  6 death yaks (Lair:5)
  3 tengu warriors
  Sonja (Lair:5)
  Nergalle (Orc:1)
  A fire crab (D:10)
  Amaemon (Lair:1)
  2 steelbarb worms (Lair:2)
  2 deep elf archers (Elf:1)
  4 orc knights
  2 deep elf pyromancers (Elf:1)
  A bog body (Lair:2)
  A necromancer (D:14)
  11 ugly things
  2 wizards (D:14)
  A deep elf zephyrmancer (Elf:1)
  4 orc sorcerers
  3 wolf spiders (Lair:2)
  3 cyclopes
  7 manticores
  6 elephants (Lair:5)
  A salamander (D:15)
  Joseph (D:7)
  4 torpor snails
  6 black mambas
  2 unseen horrors
  An orange demon (Lair:1)
  5 gargoyles
  Maggie (D:10)
  8 komodo dragons
  A demonic crawler (Lair:2)
  9 cane toads
  A freezing wraith (D:15)
  An efreet (D:15)
  4 yaktaurs (D:15)
  3 rime drakes
  6 trolls
  A tengu conjurer (D:13)
  2 tarantellas (Lair:2)
  A hornet (D:8)
  9 blink frogs
  4 polar bears
  17 slime creatures
  A culicivora (Lair:2)
  A spriggan (shapeshifter) (D:15)
  A jumping spider (Lair:2)
  A shadow (D:13)
  6 wyverns
  4 wraiths
  19 humans (D:14)
  38 yaks
  2 steam dragons
  3 basilisks
  A redback (Lair:2)
  4 wargs
  2 acid dragons
  2 swamp worms (Lair:2)
  12 water moccasins
  An ice beast (D:6)
  2 sky beasts
  27 orc warriors
  7 black bears
  10 ogres
  8 wolves
  6 centaurs
  6 kobold brigands
  2 scorpions
  14 bullfrogs
  3 gnoll sergeants
  12 killer bees
  2 electric eels
  3 howler monkeys
  15 orc priests
  Crazy Yiuf (D:3)
  A hound (D:7)
  Jessica (D:2)
  An iguana (D:5)
  Natasha (twice) (D:2)
  20 orc wizards
  15 gnolls
  4 adders
  A shadow imp (D:5)
  An ufetubus (D:7)
  2 worms
  2 dart slugs
  45 orcs
  4 ball pythons
  10 endoplasms
  3 giant cockroaches (D:1)
  8 goblins
  6 hobgoblins
  9 jackals
  17 kobolds
  4 quokkas
  3 bats
  3 frilled lizards (D:3)
  3 rats
  A butterfly (Lair:1)
570 creatures vanquished.

Vanquished Creatures (others)
  An orc high priest (Orc:2)
  5 dream sheep (D:5)
  An orc wizard (D:5)
  12 fungi
  44 plants
63 creatures vanquished.

Grand Total: 633 creatures vanquished

Notes
Turn   | Place    | Note
-------+----------+-------------------------------------------
     0 | D:1      | croobank the Troll Fighter began the quest for the Orb.
     0 | D:1      | Reached XP level 1. HP: 22/22 MP: 0/0
    59 | D:1      | Reached XP level 2. HP: 29/29 MP: 1/1
   328 | D:1      | Reached XP level 3. HP: 36/36 MP: 2/2
   535 | D:1      | Reached skill level 3 in Unarmed Combat
   799 | D:2      | Found an opulent altar of Gozag.
  1084 | D:2      | Noticed Terence
  1118 | D:2      | Noticed Natasha
  1125 | D:2      | Killed Natasha
  1126 | D:2      | Reached XP level 4. HP: 45/45 MP: 3/3
  1321 | D:2      | Noticed Jessica
  1332 | D:2      | Killed Jessica
  1393 | D:2      | Noticed Natasha
  1399 | D:2      | Killed Natasha
  1400 | D:2      | Reached XP level 5. HP: 51/53 MP: 4/4
  1628 | D:3      | Reached skill level 4 in Unarmed Combat
  1639 | D:3      | Found an ancient bone altar of Kikubaaqudgha.
  2048 | D:3      | Found a runed translucent door.
  2049 | D:3      | Noticed Crazy Yiuf
  2055 | D:3      | Killed Crazy Yiuf
  2315 | D:4      | Found an opulent altar of Gozag.
  2365 | D:4      | Found a staircase to the Ecumenical Temple.
  2417 | Temple   | Entered the Ecumenical Temple
  2598 | Temple   | Became a worshipper of the Wu Jian Council
  2949 | D:4      | Reached XP level 6. HP: 61/61 MP: 5/5
  3043 | D:4      | Identified the +3 ring mail "Ynystuv" {+Blink}
  3313 | D:5      | Entered Level 5 of the Dungeon
  3451 | D:5      | Found a burning altar of Makhleb.
  3595 | D:5      | Reached skill level 5 in Unarmed Combat
  3629 | D:5      | Found a shimmering blue altar of Sif Muna.
  3667 | D:5      | Noticed a dream sheep
  3667 | D:5      | Noticed a dream sheep
  3667 | D:5      | Noticed a dream sheep
  3667 | D:5      | Noticed a dream sheep
  3667 | D:5      | Noticed a dream sheep
  3667 | D:5      | Found a shimmering altar of Xom.
  3672 | D:5      | Killed a dream sheep
  3672 | D:5      | Killed a dream sheep
  3672 | D:5      | Killed a dream sheep
  3672 | D:5      | Killed a dream sheep
  3672 | D:5      | Killed a dream sheep
  4615 | D:6      | Noticed a sky beast
  4727 | D:6      | Killed a sky beast
  4728 | D:6      | Reached XP level 7. HP: 48/68 MP: 6/6
  4975 | D:6      | Found a hide-covered altar of Uskayaw.
  5035 | D:6      | Reached skill level 6 in Unarmed Combat
  5939 | D:7      | Reached * piety under Wu Jian
  5947 | D:7      | Reached XP level 8. HP: 79/79 MP: 7/7
  6020 | D:7      | Found a shadowy altar of Dithmenos.
  6026 | D:7      | Noticed Joseph
  6034 | D:7      | Killed Joseph
  6035 | D:7      | Reached skill level 5 in Shields
  6035 | D:7      | Reached skill level 7 in Unarmed Combat
  6083 | D:7      | Reached skill level 5 in Fighting
  6151 | D:7      | Reached skill level 8 in Unarmed Combat
  6519 | D:7      | Reached XP level 9. HP: 70/88 MP: 8/8
  6631 | D:7      | Reached skill level 9 in Unarmed Combat
  6765 | D:8      | Found a staircase to the Lair.
  6809 | D:8      | Noticed a two-headed ogre
  6824 | D:8      | Killed a two-headed ogre
  6825 | D:8      | Reached skill level 10 in Unarmed Combat
  6886 | D:8      | Found a glowing golden altar of the Shining One.
  6967 | D:8      | Found a snail-covered altar of Cheibriados.
  7094 | D:8      | Found a shimmering altar of Xom.
  7094 | D:8      | Noticed SpyderV's ghost (novice HOFi)
  7095 | D:8      | Found a runed translucent door.
  7095 | D:8      | Noticed a +6 mace of chaos
  7478 | D:9      | Noticed a two-headed ogre
  7488 | D:9      | Killed a two-headed ogre
  7489 | D:9      | Reached XP level 10. HP: 100/100 MP: 9/9
  7637 | D:9      | Identified the +1 scale mail of Sif Muna's Indignation
                  | {-Tele rElec Stlth+}
  7738 | D:8      | Reached ** piety under Wu Jian
  7864 | D:8      | Reached skill level 11 in Unarmed Combat
  8294 | D:9      | Found a white marble altar of Elyvilon.
  8704 | D:10     | Entered Level 10 of the Dungeon
  9277 | D:10     | Noticed a fire crab
  9283 | D:10     | Killed a fire crab
  9305 | D:10     | Noticed an orc knight
  9313 | D:10     | Killed an orc knight
  9351 | D:10     | Noticed a two-headed ogre
  9357 | D:10     | Killed a two-headed ogre
  9358 | D:10     | Reached XP level 11. HP: 100/109 MP: 10/10
  9457 | D:10     | Reached skill level 12 in Unarmed Combat
  9506 | D:10     | Found a sparkling altar of Nemelex Xobeh.
  9587 | D:10     | Found a stormy altar of Qazlal.
  9845 | D:10     | Noticed Maggie
  9851 | D:10     | Killed Maggie
  9940 | D:10     | Identified the +1 robe "Ytit" {Will++ Str+3 Dex-5}
 10864 | D:11     | Reached skill level 5 in Dodging
 10980 | D:11     | Noticed a two-headed ogre
 10989 | D:11     | Killed a two-headed ogre
 11168 | D:11     | Found a staircase to the Orcish Mines.
 11206 | D:11     | Reached *** piety under Wu Jian
 11240 | D:11     | Reached skill level 13 in Unarmed Combat
 11688 | D:5      | Got Sif Muna's Papyrus of the Boiling Point
 11837 | D:12     | Noticed Fannar
 11847 | D:12     | Killed Fannar
 11957 | D:12     | Noticed a two-headed ogre
 11962 | D:12     | Killed a two-headed ogre
 11963 | D:12     | Reached XP level 12. HP: 106/122 MP: 11/11
 12345 | D:13     | Found a glowing silver altar of Zin.
 12462 | D:13     | Noticed a two-headed ogre
 12469 | D:13     | Killed a two-headed ogre
 12495 | D:13     | Noticed a centaur warrior
 12506 | D:13     | Killed a centaur warrior
 12539 | D:13     | Noticed a centaur warrior
 12547 | D:13     | Killed a centaur warrior
 12593 | D:13     | Noticed an eight-headed hydra
 12606 | D:13     | Killed a six-headed hydra
 12607 | D:13     | Reached skill level 14 in Unarmed Combat
 12680 | D:13     | Reached **** piety under Wu Jian
 12681 | D:13     | Noticed a centaur warrior
 12683 | D:13     | Noticed a centaur warrior
 12685 | D:13     | Killed a centaur warrior
 12874 | Lair:1   | Entered Level 1 of the Lair of Beasts
 13238 | Lair:1   | Noticed Amaemon
 13245 | Lair:1   | Killed Amaemon
 13858 | Lair:2   | Found a hole to the Spider Nest.
 13895 | Lair:2   | Reached skill level 10 in Shields
 14077 | Lair:2   | Noticed a six-headed hydra
 14089 | Lair:2   | Killed a one-headed hydra
 14191 | Lair:2   | Found a staircase to the Swamp.
 14405 | Lair:2   | Reached XP level 13. HP: 131/131 MP: 12/12
 14987 | Lair:3   | Reached skill level 15 in Unarmed Combat
 15020 | Lair:3   | Reached ***** piety under Wu Jian
 15885 | Lair:4   | Noticed Rupert
 15896 | Lair:4   | Killed Rupert
 16746 | Lair:4   | Identified the ring of Cohy {rF+ Will+ Str+6}
 16841 | Lair:5   | Entered Level 5 of the Lair of Beasts
 16966 | Lair:5   | Noticed Sonja
 16970 | Lair:5   | Killed Sonja
 17056 | Lair:5   | Reached skill level 10 in Fighting
 17147 | Lair:5   | Found a staircase to the Slime Pits.
 17147 | Lair:5   | Found a viscous altar of Jiyva.
 17149 | Lair:5   | Reached skill level 16 in Unarmed Combat
 17714 | Lair:4   | Reached XP level 14. HP: 143/143 MP: 13/13
 18730 | Orc:1    | Entered Level 1 of the Orcish Mines
 18775 | Orc:1    | Noticed an orc warlord
 18811 | Orc:1    | Killed an orc warlord
 18832 | Orc:1    | Found Subroh's General Store.
 19019 | Orc:1    | Noticed an orc warlord
 19021 | Orc:1    | Paralysed by an orc sorcerer for 2 turns
 19033 | Orc:1    | Killed an orc warlord
 19040 | Orc:1    | Noticed Nergalle
 19044 | Orc:1    | Noticed Erolcha
 19050 | Orc:1    | Killed Erolcha
 19051 | Orc:1    | Killed Nergalle
 19328 | Orc:2    | Entered Level 2 of the Orcish Mines
 19478 | Orc:2    | Found a staircase to the Elven Halls.
 19736 | Orc:2    | Noticed an orc warlord
 19745 | Orc:2    | Reached skill level 17 in Unarmed Combat
 19746 | Orc:2    | Killed an orc warlord
 20313 | Orc:2    | Found Guese's Antique Armour Shop.
 20331 | Orc:2    | Found Zuofygif's Antique Weapon Shop.
 20525 | Orc:2    | Found Vyrotych's Book Shop.
 20592 | Orc:2    | Found Hisaosk's General Store.
 20599 | Orc:2    | Bought a scroll of vulnerability for 60 gold pieces
 20599 | Orc:2    | Bought a phantom mirror for 600 gold pieces
 20599 | Orc:2    | Bought a scroll of enchant weapon for 112 gold pieces
 21459 | D:14     | Found a gate to the Vaults.
 21495 | D:14     | Reached XP level 15. HP: 123/153 MP: 14/14
 21948 | D:14     | Found a hazy altar of Hepliaklqana.
 22069 | D:15     | Entered Level 15 of the Dungeon
 22119 | D:15     | Found a staircase to the Depths.
 22591 | D:15     | Reached skill level 18 in Unarmed Combat
 23149 | Elf:1    | Entered Level 1 of the Elven Halls
 23181 | Elf:1    | Noticed a Tzitzimitl
 23388 | Spider:1 | Entered Level 1 of the Spider Nest
 23641 | Lair:2   | HP: 11/231 [poisoned by a redback]
 23644 | Lair:2   | Slain by a redback

Illustrated notes

Levels and vault maps discovered:
D:1:      onia_arrival_mini_maze, layout_basic, dreamdust_mushroom_princess,
          minmay_misc_feat_rows
D:2:      layout_loops_ring, basic_altar, uniq_jessica, uniq_terence,
          uniq_natasha
D:3:      layout_basic, nicolae_kikubaaqudgha_miasma_corner,
          uniq_crazy_yiuf_cottage
D:4:      layout_cave_pods, nicolae_gozag_cash_rules_everything_around_me,
          minmay_temple_entry_statues_pillars, chequers_serial_rivers_micro_e
D:5:      layout_gridville, bloody_makhleb, kb_xom_exploding_sheep, led_sif_book
D:6:      layout_cave_pods, nicolae_uskayaw_dance_hall
D:7:      layout_rooms, nicolae_overflow_crystal_walls, serial_glass,
          glass_columns_b, glass_columns_c, uniq_joseph
D:8:      layout_loops_ring, mainiacjoe_overflow_catwalk, cheibriados_altar_1,
          minmay_lair_entry_grove, ebering_ghost_xom
D:9:      layout_layer_cave, elyvilon_altar_3, columned_hall_lemuel,
          minmay_misc_feat_roman, nrook_pool_corridor,
          chequers_serial_rivers_room_a
D:10:     layout_small_grid, nicolae_qazlal_scattered_showers,
          lemuel_round_altar, grunt_ministairs_4, minmay_three_doors,
          uniq_maggie
D:11:     layout_rooms, kennysheep_orc_monster_closet_entryway
D:12:     layout_cave_pools, minmay_misc_feat_hallway, uniq_fannar
D:13:     layout_basic, zin_academy
D:14:     layout_basic, grunt_vaults_entry_tiered,
          nicolae_hepliaklqana_hippocampus
D:15:     hangedman_depths_entry_try_elsewhere_first, layout_loops_ring
Temple:   dpeg_chambers_temple
Lair:1:   layout_chaotic_city, grunt_megastairs_5, lemuel_fruit_fields,
          uniq_amaemon
Lair:2:   layout_cave_pods, nicolae_swamp_entry_splash_gauntlet,
          spider_nest_entry_web_field
Lair:3:   layout_chaotic_city, beast_lair_carwin_4
Lair:4:   nzn_winding_woodlands_stair_trap [nzn_winding_woodlands_5x15_eye,
          nzn_winding_woodlands_5x15_crooked,
          nzn_winding_woodlands_5x15_pathside_ponds,
          nzn_winding_woodlands_15x15_eel_pit,
          nzn_winding_woodlands_5x15_pockets,
          nzn_winding_woodlands_5x15_default,
          nzn_winding_woodlands_5x15_river_crossing], layout_regular_city,
          uniq_rupert
Lair:5:   grunt_lair_end_beastmaster, layout_gridlike, slime_entry_1,
          chequers_serial_rivers_marsh, infiniplex_staircase_pool, uniq_sonja
Spider:1: layout_spider_delve, uniq_roxanne
Orc:1:    layout_diamond_mine, serial_shops, nicolae_shop_hallway_stairs,
          basic_altar, uniq_nergalle, uniq_erolcha
Orc:2:    grunt_orc_cross, layout_caves
Elf:1:    eino_elf_arrival_shootout, layout_gridlike, serial_shops,
          nicolae_shop_advertising_works [nicolae_subvault_shop_adworks],
          minmay_elf_crystal_hexagon, uniq_donald, uniq_azrael, uniq_kirke

Skill      XL: |  1  2  3  4  5  6  7  8  9 10 11 12 13 14 15 |
---------------+----------------------------------------------+-----
Shields        | 3 4 6 7 8 9 10 11 12 | 12.6
Unarmed Combat | 3 4 5 6 8 10 11 13 14 16 17 18 | 18.5
Fighting       | 3 4 5 6 7 8 9 10 11 | 11.6
Dodging        | 3 4 5 7 8 9 |  9.9

Action                   |  1- 3 |  4- 6 |  7- 9 | 10-12 | 13-15 || total
-------------------------+-------+-------+-------+-------+-------++-------
Melee: Unarmed           |    91 |   116 |   189 |   541 |  1012 ||  1949
       Glaive            |       |       |       |     8 |       ||     8
       Punch             |       |       |       |     1 |       ||     1
       Scimitar          |       |       |       |    12 |    36 ||    48
Throw: Dart              |       |     6 |     7 |     2 |     1 ||    16
       Throwing net      |       |       |     1 |     2 |       ||     3
       Javelin           |       |       |     1 |    13 |       ||    14
       Boomerang         |       |       |       |    24 |       ||    24
       Large rock        |       |       |       |    15 |    38 ||    53
Invok: Lunge             |       |     4 |     5 |    38 |    54 ||   101
       Whirlwind         |       |       |       |    13 |    43 ||    56
       Serpent's Lash    |       |       |       |       |    19 ||    19
       Heavenly Storm    |       |       |       |       |     3 ||     3
 Abil: Wall Jump         |       |       |       |     1 |    11 ||    12
Evoke: Wand              |       |       |       |     5 |     1 ||     6
  Use: Scroll            |       |     8 |    10 |    12 |    10 ||    40
       Potion            |       |       |     3 |     8 |     7 ||    18
 Stab: Held in net/web   |       |       |       |     2 |       ||     2
Armor: Robe              |    19 |    28 |    87 |     6 |       ||   140
       Troll leather arm |       |       |       |   105 |   308 ||   413
Dodge: Dodged            |    28 |    26 |   114 |   377 |   534 ||  1079
Block: Kite shield       |    36 |    37 |   115 |   257 |   522 ||   967
